 Dungeon Crawl Stone Soup version 0.29-a0-378-gc08b2e8bf8 (webtiles) character file.

Game seed: 17990872448756944408

4 Antichthon the Shield-Bearer (level 1, -1/14 HPs)
             Began as a Gargoyle Fighter on May 5, 2022.
             Slain by a kobold
             ... wielding a +0 short sword
              (3 damage)
             ... on level 1 of the Dungeon.
             The game lasted 00:00:14 (68 turns).

Antichthon the Shield-Bearer (Gargoyle Fighter)       Turns: 68, Time: 00:00:15

Health: -1/14      AC:  9    Str: 19    XL:     1   Next: 60%
Magic:  1/1        EV:  9    Int:  8    God:
Gold:   0          SH:  4    Dex:  9    Spells: 0/0 levels left

rFire   . . .      SeeInvis .   a - +0 flail
rCold   . . .      Faith    .   c - +0 buckler
rNeg    + . .      Spirit   .   b - +0 scale mail
rPois   ∞          Reflect  .   (no helmet)
rElec   +          Harm     .   (no cloak)
rCorr   .          Rampage  .   (no gloves)
Will    .....                   (no boots)
Stlth   ..........              (no amulet)
HPRegen 0.04/turn               (no ring)
MPRegen 0.07/turn               (no ring)

@: no status effects
A: sickness immunity, AC +2, negative energy resistance 1, electricity
resistance, torment resistance 1, petrification resistance
a: no special abilities


You were on level 1 of the Dungeon.
You visited 1 branch of the dungeon, and saw 1 of its levels.

Inventory:

Hand Weapons
 a - a +0 flail (weapon)
Armour
 b - a +0 scale mail (worn)
 c - a +0 buckler (worn)
Potions
 d - a potion of might


   Skills:
 * Level 3.3 Fighting
 * Level 2.0 Maces & Flails
 * Level 3.3 Armour
 * Level 3.4 Shields


You couldn't memorise any spells.
You didn't know any spells.
Your spell library was empty.

Dungeon Overview and Level Annotations

Branches:
Dungeon (1/15)

Altars:


Innate Abilities, Weirdness & Mutations

You are immune to sickness and miasma.
Your stone body is resilient. (AC +2)
You are immune to poison.
You resist negative energy. (rN+)
You are resistant to electric shocks. (rElec)
You are resistant to unholy torment.
You are immune to petrification.


Message History

The jackal bites you. You block the jackal's attack.
A dart slug comes into view.
There are monsters nearby!
The jackal attacks as you move away! You block the jackal's attack.
The jackal attacks as you move away! The jackal bites you.
The jackal closely misses you. You block the jackal's attack.
The jackal closely misses you.
You see here a ball python corpse.
The jackal attacks as you move away!
The jackal bites you but does no damage.
The jackal barely misses you.
You completely miss the jackal. The jackal bites you.
You closely miss the jackal. The jackal barely misses you.
You closely miss the jackal. The jackal bites you.
The jackal barely misses you. x2; You block the jackal's attack.
You closely miss the jackal. The jackal barely misses you.
The jackal bites you but does no damage.
You block the jackal's attack.
You barely miss the jackal. You block the jackal's attack.
The jackal barely misses you. The jackal misses you.
You barely miss the jackal. The jackal bites you.
The jackal bites you but does no damage.
The jackal closely misses you. The jackal barely misses you.
You hit the jackal.
You kill the jackal!
The jackal bites you but does no damage.
The jackal bites you.
* * * LOW HITPOINT WARNING * * *
The jackal closely misses you.
You hit the jackal.
The jackal is moderately wounded.
The jackal barely misses you.
The jackal bites you but does no damage. x3
You thump the jackal!
You kill the jackal!
The jackal closely misses you. The kobold hits you but does no damage.
The jackal bites you but does no damage.
You closely miss the kobold. The jackal closely misses you.
The kobold hits you with a +0 short sword.
You die...

... #.# #.# #'# ... # #.#
#.# #.# # #.#.# ####.# #.#
##.# ... ..#.###....####.#
#!.#
#..####.....#......##.###.##
#..r..#.# #.#..###........#
#.K..# #....# #.##..####
#..#†###h#..# #.##..#
#.h#..hK@#......##..#
#[.###w###.#######..# #..
#.# #.# #... ... ..# #.#
#..#. ##.. #### #.. .....
#.. ### .###


You could see a dart slug, 2 jackals and a kobold.

Vanquished Creatures
  A ball python (D:1)
  2 jackals (D:1)
3 creatures vanquished.

Notes
Turn   | Place    | Note
-------+----------+-------------------------------------------
     0 | D:1      | Antichthon the Gargoyle Fighter began the quest for the
                  | Orb.
     0 | D:1      | Reached XP level 1. HP: 14/14 MP: 1/1
    68 | D:1      | Slain by a kobold

Illustrated notes

Levels and vault maps discovered:
D:1:      minmay_arrival_shattered_statue, layout_loops_ring, serial_shops,
          shop, hellmonk_ecumenical_altar_crossroads

Action                   || total
-------------------------++-------
Melee: Flail             ||    11
  Use: Scroll            ||     1
Armor: Scale mail        ||    10
Dodge: Dodged            ||    17
Block: Buckler           ||     7

Table legend: (Time is in decaauts)
 A = Elapsed time spent in this place.
 B = Non-inter-level travel time spent in this place.
 C = Inter-level travel time spent in this place.
 D = Time resting spent in this place.
 E = Time spent auto-exploring this place.
 F = Levels seen in this place.
 G = Mean time per level.
                   A        B        C        D        E       F      G
               +--------+--------+--------+--------+--------+-----+--------+
         Total |     71 |     71 |      0 |      0 |     42 |   1 |   71.0 |
       Dungeon |     71 |     71 |      0 |      0 |     42 |   1 |   71.0 |
               +--------+--------+--------+--------+--------+-----+--------+

Top non-repeatable levels by time:
     D:1: 71 daAuts
